 Dungeon Crawl Stone Soup version 0.25-a0-479-g8579842fd4 (webtiles) character file.

Game seed: 16774361748820055616, levelgen mode: deterministic

81 Kohma the Stinger (level 4, -1/33 HPs)
             Began as a Draconian Venom Mage on Feb 9, 2020.
             Slain by an adder (4 damage)
             ... on level 1 of the Dungeon.
             The game lasted 00:04:29 (1611 turns).

Kohma the Stinger (Draconian Venom Mage)            Turns: 1611, Time: 00:04:30

Health: -1/33      AC:  5    Str: 10    XL:     4   Next: 19%
Magic:  0/8        EV: 12    Int: 17    God:
Gold:   45         SH:  0    Dex: 11    Spells: 2/8 levels left

rFire    . . .     SeeInvis .   a - +0 spear
rCold    . . .     Gourm    .   (no shield)
rNeg     . . .     Faith    .   (armour unavailable)
rPois    .         Spirit   .   (helmet restricted)
rElec    .         Reflect  .   (no cloak)
rCorr    .         Harm     .   (no gloves)
MR       .....                  (no boots)
Stlth    ++........             (no amulet)
HPRegen  0.11/turn              (no ring)
MPRegen  0.11/turn              (no ring)

@: lethally poisoned (-1 -> -10), very slightly contaminated
A: unfitting armour, cold-blooded, AC +5
a: no special abilities


You were on level 1 of the Dungeon.
You were hungry.

You visited 1 branch of the dungeon, and saw 2 of its levels.

You collected 45 gold pieces.

Inventory:

Hand Weapons
 a - a +0 spear (weapon)
Scrolls
 e - 3 scrolls of identify {unknown}
 g - a scroll of teleportation {unknown}
Potions
 d - a potion of heal wounds {unknown}
 f - a potion of cancellation {unknown}
 h - a potion of curing {unknown}
Comestibles
 b - a ration
 c - 6 chunks of flesh


   Skills:
 - Level 1.7 Dodging
 - Level 1.7 Stealth
 + Level 2.7 Spellcasting
 + Level 0.4 Conjurations
 - Level 1.0 Transmutations
 + Level 1.1 Air Magic
 * Level 4.2 Poison Magic


You had 2 spell levels left.
You knew the following spells:

 Your Spells              Type           Power        Failure   Level  Hunger
a - Sting                 Tmut/Pois      ##..         6%          1    #......
b - Poisonous Vapours     Pois/Air       ##....       9%          2    ##.....
c - Mephitic Cloud        Conj/Pois/Air  #.......     24%         3    ###....

Your spell library contained the following spells:

 Spells                   Type           Power        Failure   Level  Hunger
 Ignite Poison            Fire/Tmut/Pois #.......     26%         3    ###....
 Olgreb's Toxic Radiance  Pois           ###.....     30%         4    #####..


Dungeon Overview and Level Annotations

Branches:
Dungeon (2/15)

Altars:


Innate Abilities, Weirdness & Mutations

Your plain brown scales are hard. (AC +5)
You cannot fit into any form of body armour.
You are cold-blooded and may be slowed by cold attacks.


Message History

Casting: Poisonous Vapours (safe; 9% risk of failure)
Confirm with . or Enter, or press ? or * to list all spells.
Aiming: Sting (safe; 6% risk of failure)
Press: ? - help, Shift-Dir - straight line, f/p - adder
Aim: an adder (moderately wounded, poisoned)
The sting hits the adder.
The adder looks even sicker.
The adder is moderately wounded.
You feel sick. The adder bites you but does no damage.
Casting: Sting (safe; 6% risk of failure)
Confirm with . or Enter, or press ? or * to list all spells.
Aiming: Sting (safe; 6% risk of failure)
Press: ? - help, Shift-Dir - straight line, f/p - adder
Aim: an adder (heavily wounded, very poisoned)
You miscast Sting.
You are very lightly contaminated with residual magic.
Your hands glow momentarily.
The adder bites you.
* * * LOW HITPOINT WARNING * * *
You are lethally poisoned!
The adder poisons you! The adder bites you.
You die...

#......(.###########
#........#.).......#
#........#.........#
#........#.........###### ###
#........#..........[..#8###8##
#..)...............###........##
#........#.........# #........8#
##...)....#.....>...#
#........##
....(.....#.....@...#
###8##...##
......#####......S..# ####...##
.......# #.........# #⌠...⌠#
.......# ###.####### ##...##
.......## ###.# #...##
#.#.#.#.###...# ##.....
.#.#.#.#..#...# ##### ###8.....
≈≈≈≈≈.#.#.....# #...#
###.##..... ≈.<.≈#.#......#
#...###...###8###


You could see an adder.

Vanquished Creatures
  Jessica (D:2)
  An adder (D:2)
  A worm (D:2)
  2 dart slugs (D:1)
  A leopard gecko (D:1)
  4 giant cockroaches (D:1)
  4 goblins
  5 hobgoblins
  2 jackals (D:1)
  2 kobolds (D:1)
  A ball python (D:2)
  5 bats (D:1)
  3 frilled lizards
  7 rats
39 creatures vanquished.

Notes
Turn   | Place    | Note
-------+----------+-------------------------------------------
     0 | D:1      | Kohma the Draconian Venom Mage began the quest for the Orb.
     0 | D:1      | Reached XP level 1. HP: 14/14 MP: 3/3
    98 | D:1      | Reached XP level 2. HP: 20/20 MP: 1/5
   386 | D:1      | Learned a level 2 spell: Poisonous Vapours
   721 | D:1      | Reached XP level 3. HP: 26/26 MP: 3/6
  1320 | D:2      | Reached skill level 4 in Poison Magic
  1572 | D:2      | Learned a level 3 spell: Mephitic Cloud
  1574 | D:2      | Noticed Jessica
  1580 | D:2      | Killed Jessica
  1580 | D:2      | Reached skill level 1 in Air Magic
  1580 | D:2      | Reached XP level 4. HP: 16/33 MP: 0/8
  1611 | D:1      | Slain by an adder

Levels and vault maps discovered:
D:1:      ncdulo_watergridlock, layout_rooms, serial_corexii_hall,
          corexii_hall_statues_s, corexii_hall_statues_i,
          chequers_hall_statues_corner_a
D:2:      layout_loops_corners, uniq_jessica

Skill      XL: |  1  2  3 |
---------------+----------+-----
Poison Magic   | 4 |  4.2
Air Magic      | 1 |  1.1
Dodging        | |  1.7
Stealth        | |  1.7
Spellcasting   | |  2.7
Conjurations   | |  0.4
Transmutations | |  1.0

Action                   |  1- 3 |  4- 6 || total
-------------------------+-------+-------++-------
Melee: Spear             |    55 |       ||    55
       Tailslap          |     4 |       ||     4
 Cast: Sting             |    27 |     1 ||    28
       Poisonous Vapours |    26 |     1 ||    27
  Eat: Chunk             |     4 |       ||     4
Armor: Skin              |    27 |     1 ||    28
Dodge: Dodged            |    45 |     9 ||    54

Table legend:
 A = Non-vault XP
 B = Vault XP
 C = Vault XP percentage of total XP
 D = Non-vault monster count
 E = Vault monster count
 F = Vault count percentage of total count
                 A         B        C        D         E       F
            +---------+---------+-------+---------+---------+-------
      Total |      79 |      37 |  31.9 |      38 |       1 |   2.6
            +---------+---------+-------+---------+---------+-------
        D:1 |      49 |       0 |   0.0 |      28 |       0 |   0.0
        D:2 |      30 |      37 |  55.2 |      10 |       1 |   9.1
            +---------+---------+-------+---------+---------+-------
